 Dungeon Crawl Stone Soup version 0.23-a0-295-g2e428d4 (webtiles) character file.

559 Amnesiac the Thaumaturge (level 7, -2/46 HPs)
             Began as a Mummy Wizard on Oct 4, 2018.
             Slain by an orc
             ... wielding a +2 flail of draining
              (7 damage)
             ... on level 3 of the Dungeon.
             The game lasted 00:08:25 (2688 turns).

Amnesiac the Thaumaturge (Mummy Wizard)             Turns: 2688, Time: 00:08:25

Health: -2/46      AC:  2    Str: 10      XL:     7   Next: 9%
Magic:  12/20      EV: 12    Int: 19      God:
Gold:   50         SH:  0    Dex:  9 (11) Spells: 12/25 levels left

rFire    x . .     SeeInvis .   a - +0 hunting sling
rCold    + . .     Gourm    .   (no shield)
rNeg     + + +     Faith    .   d - +0 robe
rPois    ∞         Spirit   .   g - +0 hat
rElec    .         Reflect  .   (no cloak)
rCorr    .         Harm     .   (no gloves)
MR       .....                  (no boots)
Stlth    ++........             (no amulet)
HPRegen  0.15/turn              (no ring)
MPRegen  0.17/turn              (no ring)

@: no status effects
A: no food or potions, fire vulnerability, cold resistance 1, negative energy
resistance 3, torment resistance, unbreathing
a: no special abilities


You were on level 3 of the Dungeon.
You were not hungry.

You visited 1 branch of the dungeon, and saw 3 of its levels.
You also visited: Sewer.

You collected 50 gold pieces.

Inventory:

Hand Weapons
 a - a +0 hunting sling (weapon)
 b - a +0 dagger
 i - a +0 blowgun
Missiles
 e - 27 stones (quivered)
 j - 22 poisoned needles
Armour
 d - a +0 robe (worn)
 g - a +0 hat (worn)
Scrolls
 c - a scroll of fog {!r}
 h - a scroll of enchant weapon {!r}
 k - a scroll of brand weapon {!r, unknown}
 l - a scroll of identify {!r}


   Skills:
 - Level 1.5 Dodging
 - Level 1.5 Stealth
 + Level 9.9 Spellcasting
 - Level 0.7 Conjurations
 - Level 0.7 Summonings
 - Level 0.7 Translocations


You had 12 spell levels left.
You knew the following spells:

 Your Spells              Type           Power        Failure   Level  Hunger
a - Magic Dart            Conj           ##..         5%          1    N/A
b - Call Imp              Summ           ##......     9%          2    N/A
c - Apportation           Tloc           ##....       5%          1    N/A
e - Mephitic Cloud        Conj/Pois/Air  ##......     21%         3    N/A
s - Conjure Flame         Conj/Fire      ##......     19%         3    N/A
v - Blink                 Tloc           N/A          9%          2    N/A
z - Confusing Touch       Hex            #.....       8%          1    N/A

Your spell library contained the following spells:

 Spells                   Type           Power        Failure   Level  Hunger
 Summon Small Mammal      Summ           ##..         5%          1    N/A
 Animate Skeleton         Necr           N/A          8%          1    N/A
 Slow                     Hex            #.......     12%         2    N/A

Dungeon Overview and Level Annotations

Branches:
Dungeon (3/15)

Altars:


Innate Abilities, Weirdness & Mutations

You do not eat or drink.
Your flesh is vulnerable to fire.
You are immune to poison.
Your flesh is cold resistant. (rC+)
You are immune to negative energy. (rN+++)
You are immune to unholy pain and torment.
You can survive without breathing.


Message History

Press: ? - help, Shift-Dir - straight line, f/p - orc
Aim: an orc, wielding a flail of draining and wearing a ring mail (moderately You shoot a stone.
The stone hits the orc but does no damage.
The orc is moderately wounded.
The orc barely misses you.
Firing (i - inventory)
e - 32 stones (quivered)
Press: ? - help, Shift-Dir - straight line, f/p - orc
Aim: an orc, wielding a flail of draining and wearing a ring mail (moderately You shoot a stone.
The stone hits the orc but does no damage.
The orc is moderately wounded.
The orc closely misses you.
Firing (i - inventory)
e - 31 stones (quivered)
Press: ? - help, Shift-Dir - straight line, f/p - orc
Aim: an orc, wielding a flail of draining and wearing a ring mail (moderately You shoot a stone.
The stone closely misses the orc.
The orc hits you with a flail of draining!
* * * LOW HITPOINT WARNING * * *
Firing (i - inventory)
e - 30 stones (quivered)
Press: ? - help, Shift-Dir - straight line, f/p - orc
Aim: an orc, wielding a flail of draining and wearing a ring mail (moderately You shoot a stone.
The stone barely misses the orc.
The orc hits you with a flail of draining!
* * * LOW HITPOINT WARNING * * *
The orc wizard hits you with a dagger of speed.
* * * LOW HITPOINT WARNING * * *
Press: ? - help, v - describe, . - travel The floor.
Placed new exclusion.
Reduced exclusion size to a single square.
Removed exclusion.
Casting: Mephitic Cloud (safe; 21% risk of failure)
Confirm with . or Enter, or press ? or * to list all spells.
Aiming: Mephitic Cloud (safe; 21% risk of failure)
Press: ? - help, Shift-Dir - straight line, f - orc wizard, p - orc
Aim: an orc wizard, wielding a dagger of speed and wearing a robe (heavily The ball explodes into a vile cloud!
The stinking cloud engulfs the orc wizard.
The orc wizard is heavily wounded.
The stinking cloud engulfs you!
The orc wizard is engulfed in noxious fumes.
The orc wizard appears confused.
The orc hits you with a flail of draining.
* * * LOW HITPOINT WARNING * * *
The orc wizard is engulfed in noxious fumes.
The orc wizard appears confused.
You are too injured to fight recklessly!
Firing (i - inventory)
e - 29 stones (quivered)
Press: ? - help, Shift-Dir - straight line, f/p - orc wizard
Aim: an orc wizard, wielding a dagger of speed and wearing a robe (noxious You shoot a stone.
The stone hits the orc wizard.
The orc wizard is almost dead.
The orc wizard is engulfed in noxious fumes.
The orc wizard appears confused.
The orc hits you with a flail of draining.
* * * LOW HITPOINT WARNING * * *
Firing (i - inventory)
e - 28 stones (quivered)
Press: ? - help, Shift-Dir - straight line, f/p - orc wizard
Aim: an orc wizard, wielding a dagger of speed and wearing a robe (noxious You shoot a stone.
The stone hits the orc wizard.
You kill the orc wizard!
The orc hits you with a flail of draining!
You die...

.# #.#.≈#≈.≈#≈.#
.# #.#.≈#≈†≈#≈≈#
.# #.#≈≈#≈.≈#≈.#
#.#≈≈#≈.≈#≈.#
o###.#≈≈#≈≈≈#≈.##
...g #≈≈...##≈≈≈#
....##≈..###≈≈≈#
#.g########≈.#
#o(o..#@§§.(#
##.##)o§##### #.
##### #. #. #. #.
#.


You could see an orc.

Vanquished Creatures
  Grinder (Sewer)
  2 big kobolds (Sewer)
  An orc wizard (D:3)
  An orc priest (D:3)
  A big kobold zombie (Sewer)
  3 adders
  5 shadow imps (Sewer)
  An ufetubus (Sewer)
  5 leopard geckos (D:3)
  An orc (D:3)
  A ball python (D:3)
  4 giant cockroaches
  3 goblins
  A hobgoblin (D:2)
  7 jackals
  20 kobolds
  2 bats
  2 frilled lizards
  2 rats
63 creatures vanquished.

Vanquished Creatures (collateral kills)
  A quasit (Sewer)
  A big kobold zombie (Sewer)
  An adder (D:3)
  2 leopard geckos (D:3)
  A giant cockroach (D:3)
  2 bats (D:3)
8 creatures vanquished.

Vanquished Creatures (others)
  A big kobold zombie (Sewer)
  A bat zombie (Sewer)
  A giant cockroach zombie (Sewer)
3 creatures vanquished.

Grand Total: 74 creatures vanquished

Notes
Turn   | Place    | Note
-------+----------+-------------------------------------------
     0 | D:1      | Amnesiac the Mummy Wizard began the quest for the Orb.
     0 | D:1      | Reached XP level 1. HP: 13/13 MP: 5/5
   269 | D:1      | Reached XP level 2. HP: 18/19 MP: 2/7
   538 | D:2      | Reached skill level 5 in Spellcasting
   549 | D:2      | Learned a level 2 spell: Blink
   552 | D:2      | Learned a level 2 spell: Call Imp
   920 | D:2      | Reached XP level 3. HP: 13/24 MP: 9/9
  1016 | D:3      | Learned a level 3 spell: Conjure Flame
  1020 | D:3      | Learned a level 3 spell: Mephitic Cloud
  1175 | D:3      | Found a glowing drain.
  1194 | Sewer    | Entered a sewer
  1198 | Sewer    | Reached skill level 6 in Spellcasting
  1373 | Sewer    | Learned a level 1 spell: Confusing Touch
  1375 | Sewer    | Learned a level 1 spell: Apportation
  1434 | Sewer    | Reached XP level 4. HP: 30/30 MP: 8/12
  1847 | Sewer    | Reached skill level 7 in Spellcasting
  2045 | Sewer    | Noticed a big kobold
  2061 | Sewer    | Killed a big kobold
  2061 | Sewer    | Reached XP level 5. HP: 34/35 MP: 8/15
  2107 | Sewer    | Reached skill level 8 in Spellcasting
  2141 | Sewer    | Reached XP level 6. HP: 24/41 MP: 1/17
  2319 | Sewer    | Noticed Grinder
  2361 | Sewer    | Paralysed by Grinder for 2 turns
  2365 | Sewer    | Killed Grinder
  2365 | Sewer    | Reached skill level 9 in Spellcasting
  2416 | Sewer    | Found a burning altar of Makhleb.
  2675 | D:3      | Reached XP level 7. HP: 38/46 MP: 12/20
  2688 | D:3      | Slain by an orc

Vault maps used:
D:1:      dpeg_arrival_tiny_i, kennysheep_flooded_box
D:3:      gup_sewer_entry_pipe, kennysheep_generic_room_12, uniq_robin
Sewer:    kennysheep_sewer_church

Skill      XL: |  1  2  3  4  5  6 |
---------------+-------------------+-----
Spellcasting   | 5 6 7 8 9 |  9.9
Dodging        | |  1.5
Stealth        | |  1.5
Conjurations   | |  0.7
Summonings     | |  0.7
Translocations | |  0.7

Action                   |  1- 3 |  4- 6 |  7- 9 || total
-------------------------+-------+-------+-------++-------
Melee: Unarmed           |    15 |       |       ||    15
       Dagger            |       |    44 |       ||    44
 Fire: Hunting sling     |    53 |    57 |    12 ||   122
 Cast: Magic Dart        |    54 |    74 |       ||   128
       Call Imp          |     7 |     6 |       ||    13
       Mephitic Cloud    |       |     4 |     1 ||     5
  Use: Scroll            |     5 |       |       ||     5
Armor: Robe              |    15 |    13 |       ||    28
Dodge: Dodged            |    74 |    60 |     5 ||   139

Table legend:
 A = Non-vault XP
 B = Vault XP
 C = Vault XP percentage of total XP
 D = Non-vault monster count
 E = Vault monster count
 F = Vault count percentage of total count
                 A         B        C        D         E       F
            +---------+---------+-------+---------+---------+-------
      Total |     134 |     665 |  83.2 |      31 |      40 |  56.3
            +---------+---------+-------+---------+---------+-------
        D:1 |      16 |       0 |   0.0 |       9 |       0 |   0.0
        D:2 |      28 |       0 |   0.0 |      10 |       0 |   0.0
        D:3 |      90 |      20 |  18.2 |      12 |       9 |  42.9
      Sewer |       0 |     645 | 100.0 |       0 |      31 | 100.0
            +---------+---------+-------+---------+---------+-------
